 Dungeon Crawl Stone Soup version 0.29.1-15-g9cfb28693d (webtiles) character file.

Game seed: 1802644218603938175

3 Arctor the Magician (level 1, 0/13 HPs)
             Began as a Demonspawn Hedge Wizard on Feb 24, 2023.
             Slain by a goblin
             ... wielding a +0 club
              (2 damage)
             ... on level 1 of the Dungeon.
             The game lasted 00:00:11 (339 turns).

Arctor the Magician (Demonspawn Hedge Wizard)        Turns: 339, Time: 00:00:12

Health: 0/13       AC:  2    Str: 10    XL:     1   Next: 41%
Magic:  0/4        EV: 12    Int: 15    God:
Gold:   6          SH:  0    Dex: 12    Spells: 5/6 levels left

rFire   . . .      SeeInvis .   a - +0 dagger
rCold   . . .      Faith    .   (no shield)
rNeg    . . .      Spirit   .   b - +0 robe
rPois   .          Reflect  .   c - +0 hat
rElec   .          Harm     .   (no cloak)
rCorr   .          Rampage  .   (no gloves)
Will    .....                   (no boots)
Stlth   ++........              (no amulet)
HPRegen 0.04/turn               (no ring)
MPRegen 0.09/turn               (no ring)

@: no status effects
A: no striking features
a: no special abilities


You were on level 1 of the Dungeon.
You visited 1 branch of the dungeon, and saw 1 of its levels.

You collected 6 gold pieces.

Inventory:

Hand Weapons
 a - a +0 dagger (weapon)
Armour
 b - a +0 robe (worn)
 c - a +0 hat (worn)
Scrolls
 e - a scroll of identify {unknown}
 f - a scroll of fog {unknown}
 g - a scroll of amnesia {unknown}
 h - a scroll of enchant weapon {unknown}
Potions
 d - a potion of magic
 i - 2 potions of lignification {unknown}


   Skills:
 + Level 1.8 Dodging
 + Level 1.8 Stealth
 + Level 3.0 Spellcasting
 + Level 1.1 Conjurations
 + Level 1.1 Summonings
 + Level 0.9 Translocations


You had 5 spell levels left.
You knew the following spells:

 Your Spells              Type           Power      Damage    Failure   Level
a - Magic Dart            Conj           20%        1d4       13%         1

Your spell library contained the following spells:

 Spells                   Type           Power      Damage    Failure   Level
 Call Imp                 Summ           5%         N/A       19%         2
 Slow                     Hex            8%         N/A       21%         1
 Blink                    Tloc           10%        N/A       21%         2
 Conjure Flame            Conj/Fire      3%         6-21      43%         3
 Mephitic Cloud           Conj/Pois/Air  3%         N/A       45%         3


Dungeon Overview and Level Annotations

Branches:
Dungeon (1/15)

Altars:


Message History

You closely miss the hobgoblin.
The hobgoblin is severely wounded.
The hobgoblin barely misses you.
You hit the hobgoblin.
You kill the hobgoblin!
The ball python closely misses you. The ball python grabs you.
The ball python constricts you.
You barely miss the ball python. The ball python bites you.
The ball python constricts you.
You closely miss the ball python. The ball python closely misses you.
The ball python constricts you. The ball python closely misses you.
The ball python constricts you. The goblin hits you with a +0 club.
You closely miss the ball python. The ball python bites you.
The ball python constricts you. The goblin hits you with a +0 club.
You are too injured to fight recklessly!
Unknown command.
You escape the ball python's grasp.
You see here a scroll labelled LEAMIA XO ELAOPPU.
The goblin attacks as you move away! The goblin hits you with a +0 club.
* * * LOW HITPOINT WARNING * * *
You see here a hobgoblin corpse.
Casting: Magic Dart (safe; 13% risk of failure)
Confirm with . or Enter, or press ? or * to list all spells.
Aiming: Magic Dart (safe; 13% risk of failure)
Press: ? - help, Shift-Dir - straight line, f - goblin
Aim: a goblin, wielding a +0 club (100% to hit)
The magic dart hits the goblin.
The goblin is moderately wounded.
The goblin misses you.
You closely miss the goblin.
The goblin is moderately wounded.
The goblin hits you with a +0 club.
* * * LOW HITPOINT WARNING * * *
You hit the goblin but do no damage.
The goblin is moderately wounded.
The goblin barely misses you.
You closely miss the goblin.
The goblin is moderately wounded.
The goblin hits you with a +0 club.
You die...

.# .# ## .# ..
#.8 #.##.#
#.####.....
#†#.#..#
##.⌠.#.##
#.#g#(..#
#@##.#...#
#.⌠.###.# #.#
#.#.###..## .. .
#.###.#..# # #.
⌠.###.⌠.#.#
#..#.###.#.#..#
#.####.####.##
..#.#.##.⌠.##..##
#.#.##.##.##....#
###.#


You could see a goblin.

Vanquished Creatures
  A ball python (D:1)
  A hobgoblin (D:1)
  A bat (D:1)
3 creatures vanquished.

Notes
Turn   | Place    | Note
-------+----------+-------------------------------------------
     0 | D:1      | Arctor the Demonspawn Hedge Wizard began the quest for the
                  | Orb.
     0 | D:1      | Reached XP level 1. HP: 13/13 MP: 4/4
   339 | D:1      | Slain by a goblin

Illustrated notes

Levels and vault maps discovered:
D:1:      dpeg_arrival_tiny_i, layout_loops_ring, grunt_decor_mini_mirrors

Action                   || total
-------------------------++-------
Melee: Dagger            ||    14
 Cast: Magic Dart        ||     6
Armor: Robe              ||     1
Dodge: Dodged            ||    10
